 Dungeon Crawl Stone Soup version 0.24-a0-459-g225fefd530 (webtiles) character file.

Game seed: 16799197245282124035

9504 Mrkan the Cleaver (level 11, 0/103 HPs)
             Began as a Deep Dwarf Fighter on June 27, 2019.
             Was a Priest of Elyvilon.
             Slain by a basilisk (9 damage)
             ... on level 11 of the Dungeon.
             The game lasted 00:23:26 (8413 turns).

Mrkan the Cleaver (Deep Dwarf Fighter)              Turns: 8413, Time: 00:23:27

Health: 0/103      AC: 14    Str: 22    XL:     11   Next: 23%
Magic:  3/3        EV:  5    Int:  9    God:    Elyvilon [***...]
Gold:   420        SH: 12    Dex: 13    Spells: 10/10 levels left

rFire    . . .     SeeInvis .   a - +0 war axe
rCold    + . .     Gourm    .   c - +0 shield
rNeg     . . .     Faith    .   m - +0 plate armour
rPois    .         Spirit   .   (no helmet)
rElec    .         Reflect  .   s - +2 cloak
rCorr    .         Harm     .   (no gloves)
MR       +....                  (no boots)
Stlth    ..........             k - amulet of magic regeneration
HPRegen  0.00/turn              (no ring)
MPRegen  0.33/turn              n - ring of protection from cold

@: non-regenerating
A: damage resistance, heal wounds, sense surroundings 2, no regeneration
a: Heal Wounds, Lesser Healing, Heal Other, Purification, Divine Protection,
Renounce Religion


You were on level 11 of the Dungeon.
You worshipped Elyvilon.
Elyvilon was most pleased with you.
You were not hungry.

You visited 2 branches of the dungeon, and saw 12 of its levels.

You collected 420 gold pieces.

Inventory:

Hand Weapons
 a - a +0 war axe (weapon)
Missiles
 b - 6 boomerangs (quivered)
 h - 33 bolts
Armour
 c - a +0 shield (worn)
 m - a +0 plate armour (worn)
 s - a +2 cloak (worn)
Jewellery
 g - an uncursed ring of ice
 k - an amulet of magic regeneration (around neck)
 n - a ring of protection from cold (right hand)
Wands
 A - a wand of iceblast (9)
Scrolls
 e - 4 scrolls of enchant weapon {unknown}
 i - 8 scrolls of teleportation {unknown}
 j - a scroll of identify
 o - 2 scrolls of noise {unknown}
 r - 2 scrolls of random uselessness {unknown}
 w - 3 scrolls of blinking {unknown}
 y - 2 scrolls of magic mapping {unknown}
 C - 2 scrolls of amnesia {unknown}
 E - a scroll of fog {unknown}
 F - 2 scrolls of remove curse {unknown}
Potions
 d - 3 potions of might
 l - a potion of ambrosia {unknown}
 p - a potion of haste {unknown}
 t - a potion of berserk rage {unknown}
 u - 2 potions of brilliance
 v - a potion of mutation {unknown}
 z - 3 potions of flight
 B - 4 potions of curing
Comestibles
 f - 21 rations


   Skills:
 + Level 8.3 Fighting
 - Level 10.2 Axes
 * Level 7.0 Throwing
 - Level 3.2 Armour
 + Level 9.8 Shields
 * Level 6.6 Invocations


You had 10 spell levels left.
You didn't know any spells.
Your spell library contained the following spells:

 Spells                   Type           Power        Failure   Level  Hunger
 Corona                   Hex            #......      100%        1    ##.....
 Ensorcelled Hibernation  Hex/Ice        #.....       100%        2    ###....
 Confuse                  Hex            #.......     100%        3    ####...
 Dazzling Spray           Conj/Hex       #.....       100%        3    ####...
 Tukima's Dance           Hex            #.......     100%        3    ####...


Dungeon Overview and Level Annotations

Branches:
Dungeon (11/15)            Temple (1/1) D:6            Lair (0/6) D:11
    Orc (0/2) D:9

Altars:
Ashenzari
Cheibriados
Dithmenos
Elyvilon
Fedhas
Gozag
Hepliaklqana
Kikubaaqudgha
Makhleb
Nemelex Xobeh
Okawaru
Qazlal
Ru
Sif Muna
Trog
Uskayaw
Vehumet
Wu Jian
Xom
Yredelemnul
Zin
The Shining One
Beogh

Shops:
D:5 %%   D:7 [   D:8 [

Annotations:
D:8 2 transporters, Maurice; P0WERM0DE's ghost, journeyman FoFi


Innate Abilities, Weirdness & Mutations

You are resistant to damage.
You can heal yourself by infusing magical energy.
You passively map the area around you.
You do not regenerate.


Message History

You closely miss the basilisk.
The basilisk is severely wounded.
You block the basilisk's attack.
Unknown command.
You hit the basilisk but do no damage.
The basilisk is severely wounded.
The basilisk gazes at you. You resist with almost no effort.
You hit the basilisk.
The basilisk is almost dead.
The basilisk bites you.
You closely miss the basilisk.
The basilisk is almost dead.
The basilisk gazes at you. You resist with almost no effort.
Unknown command.
You barely miss the basilisk.
The basilisk is almost dead.
The basilisk bites you!
You die...

.....<...}≈≈≈≈ ≈≈ ≈
#####.####≈≈≈≈ ≈ #.#
#### ≈ ≈ ≈ #.# * ≈ ≈
** #.# * ##** * #.# *
.# * ## #.# .# .#
#.############.#### ,
.#
#.....†.....@lW...#*,
.#
#########.####?.#.#*
* .# #..# #.# * .#
##.# .# .# *.# * . .#
.# .., .# .# .l , .#
.., ,


YY. ,, * .# * , > , You could see a hungry ghost and a basilisk.

Vanquished Creatures
  Erolcha (D:10)
  An ugly thing (D:11)
  Psyche (D:8)
  A queen bee (D:11)
  2 hippogriffs
  A wyvern (D:7)
  A wraith (D:10)
  Eustachio (D:5)
  3 hungry ghosts
  Grum (D:8)
  Edmund (D:5)
  Duvessa (D:5)
  3 ice beasts
  An orc warrior (D:10)
  A sky beast (D:9)
  2 ogres
  A wolf (D:8)
  6 centaurs
  A big kobold (D:10)
  4 gnoll sergeants (D:8)
  5 bullfrogs
  A wyvern zombie (D:9)
  Dowan (D:5)
  A water moccasin zombie (D:7)
  5 scorpions
  28 killer bees
  16 wights
  An electric eel (D:11)
  A crimson imp (D:6)
  A quasit (D:7)
  3 bullfrog zombies
  2 jellies
  Crazy Yiuf (D:6)
  4 gnoll shamans
  8 orc priests
  10 hounds
  10 orc wizards
  A centaur skeleton (D:8)
  6 iguanas
  7 worker ants
  A killer bee zombie (D:9)
  2 howler monkey zombies
  A howler monkey skeleton (D:5)
  8 adders
  35 gnolls
  A shadow imp (D:6)
  2 adder skeletons
  A worm (D:4)
  2 dart slugs (D:2)
  6 leopard geckos
  44 orcs
  4 bats
  10 giant cockroaches
  6 goblins
  12 hobgoblins
  12 jackals
  14 kobolds
  6 quokkas
  4 frilled lizards
  9 rats (D:1)
326 creatures vanquished.

Notes
Turn   | Place    | Note
-------+----------+-------------------------------------------
     0 | D:1      | Mrkan the Deep Dwarf Fighter began the quest for the Orb.
     0 | D:1      | Reached XP level 1. HP: 20/20 MP: 1/1
   113 | D:1      | Reached XP level 2. HP: 21/27 MP: 2/2
   416 | D:1      | Reached skill level 3 in Axes
   704 | D:1      | Reached XP level 3. HP: 20/34 MP: 3/3
  1386 | D:2      | Found an iron altar of Okawaru.
  1389 | D:2      | Found an ornate altar of the Wu Jian Council.
  1851 | D:3      | Reached XP level 4. HP: 28/42 MP: 4/4
  1860 | D:3      | Reached skill level 4 in Axes
  2326 | D:4      | Reached XP level 5. HP: 34/49 MP: 5/5
  2456 | D:4      | Found a hide-covered altar of Uskayaw.
  2464 | D:4      | Noticed a +0 dagger
  2464 | D:4      | Noticed a +4 dagger
  2590 | D:4      | Reached skill level 5 in Axes
  2811 | D:4      | Reached XP level 6. HP: 40/57 MP: 6/6
  2898 | D:5      | Entered Level 5 of the Dungeon
  2957 | D:5      | Found Eseal's Food Emporium.
  3002 | D:5      | Noticed Duvessa
  3011 | D:5      | Noticed Dowan
  3025 | D:5      | Killed Duvessa
  3025 | D:5      | Reached skill level 6 in Axes
  3025 | D:5      | Reached skill level 5 in Shields
  3074 | D:5      | Killed Dowan
  3074 | D:5      | Reached XP level 7. HP: 56/66 MP: 7/7
  3125 | D:5      | Found Woeffam's Food Shoppe.
  3225 | D:5      | Found a blossoming altar of Fedhas.
  3267 | D:5      | Got an ichor-stained large shield
  3268 | D:5      | Identified the cursed +0 large shield "Kiaqin" {rC+ Dex+4}
                  | (You found it on level 5 of the Dungeon)
  3281 | D:5      | Noticed Edmund
  3315 | D:5      | Killed Edmund
  3584 | D:5      | Noticed Eustachio
  3600 | D:5      | Killed Eustachio
  3600 | D:5      | Reached skill level 7 in Axes
  3784 | D:6      | Reached skill level 5 in Fighting
  3784 | D:6      | Reached XP level 8. HP: 51/74 MP: 7/7
  3891 | D:6      | Reached skill level 8 in Axes
  3926 | D:6      | Found a sparkling altar of Nemelex Xobeh.
  4303 | D:6      | Found a staircase to the Ecumenical Temple.
  4391 | Temple   | Entered the Ecumenical Temple
  4488 | Temple   | Became a worshipper of Elyvilon the Healer
  4677 | D:6      | Found a runed translucent door.
  4678 | D:6      | Noticed Crazy Yiuf
  4686 | D:6      | Killed Crazy Yiuf
  4686 | D:6      | Reached skill level 9 in Axes
  4863 | D:7      | Noticed a hippogriff
  4878 | D:7      | Killed a hippogriff
  4878 | D:7      | Gained mutation: You passively map the area around you.
                  | [Deep Dwarf growth]
  4878 | D:7      | Reached XP level 9. HP: 61/82 MP: 7/7
  4993 | D:7      | Reached skill level 10 in Axes
  5096 | D:7      | Found Lyer's Antique Armour Shop.
  5262 | D:7      | Reached * piety under Elyvilon
  5279 | D:7      | Reached skill level 1 in Throwing
  5473 | D:8      | Noticed Maurice
  5711 | D:8      | Reached XP level 10. HP: 58/94 MP: 5/5
  6026 | D:8      | Noticed Psyche
  6034 | D:8      | Killed Psyche
  6096 | D:8      | Noticed Grum
  6101 | D:8      | Killed Grum
  6101 | D:8      | Reached skill level 5 in Throwing
  6136 | D:8      | Found Cuzyferch's Antique Armour Shoppe.
  6183 | D:8      | Reached ** piety under Elyvilon
  6208 | D:8      | Noticed P0WERM0DE's ghost (journeyman FoFi)
  6256 | D:8      | Found a transporter.
  6260 | D:8      | Found a transporter.
  6331 | D:8      | Reached skill level 1 in Invocations
  6523 | D:9      | Found an opulent altar of Gozag.
  6803 | D:9      | Found a staircase to the Orcish Mines.
  7017 | D:9      | Found a roughly hewn altar of Beogh.
  7121 | D:10     | Entered Level 10 of the Dungeon
  7129 | D:10     | Noticed Erolcha
  7139 | D:10     | Paralysed by Erolcha for 3 turns
  7157 | D:10     | HP: 4/96 [Erolcha/+0 giant club (30)]
  7159 | D:10     | Killed Erolcha
  7235 | D:10     | Reached skill level 5 in Invocations
  7354 | D:10     | Reached *** piety under Elyvilon
  7863 | D:11     | Noticed a green ugly thing
  7884 | D:11     | Killed a green ugly thing
  7884 | D:11     | Reached XP level 11. HP: 38/103 MP: 4/4
  8096 | D:11     | HP: 5/103 [poisoned by a killer bee]
  8106 | D:11     | HP: 4/103 [killer bee (1)]
  8109 | D:11     | HP: 1/103 [killer bee (3)]
  8413 | D:11     | Slain by a basilisk

Levels and vault maps discovered:
D:1:      sevenhm_arrival_forest_fort_small_4, layout_basic,
          minmay_rat_gold_closets
D:2:      layout_basic, chequers_temple_overflow_statue_of_worship, first_ration
D:3:      layout_rooms, minmay_misc_feat_rows, kennysheep_another_room,
          minivault_25, grunt_ministairs_9
D:4:      layout_rooms, dancing_weapons_uskayaw
D:5:      layout_loops_ring, lemuel_doored_altar, serial_shops, shop_fountains,
          nicolae_shop_crystal, uniq_edmund, uniq_eustachio, uniq_duvessa
D:6:      layout_loops_ring, nemelex_xobeh_ov_fountains_minmay, temple_statues,
          uniq_crazy_yiuf_cottage
D:7:      layout_cave_pools, serial_shops, nicolae_shop_crystal
D:8:      layout_cave_pools, serial_gnoll_camp, gnoll_camp_mini_sergeant,
          gnoll_camp_mini_hut, gnoll_camp_medium_01, gnoll_camp_huts_moat,
          grums_kennel, gnoll_camp_mini_shop, gammafunk_ghost_hive,
          enter_ossuary_2, uniq_maurice, uniq_psyche
D:9:      layout_roguey, nicolae_overflow_crystal_walls,
          minmay_orc_entry_temple_small
D:10:     minmay_goldmine, layout_cave_pools, uniq_grum, uniq_erolcha
D:11:     layout_basic, david_lair_generic, special_room [special_room_bee]
Temple:   eino_temple_rhombus

Skill      XL: |  1  2  3  4  5  6  7  8  9 10 11 |
---------------+----------------------------------+-----
Axes           | 3 4 5 6 7 9 10 | 10.2
Fighting       | 3 4 5 6 7 8 |  8.3
Shields        | 4 5 6 7 8 9 |  9.8
Throwing       | 3 6 7 |  7.0
Invocations    | 5 6 |  6.6
Armour         | |  3.2

Action                   |  1- 3 |  4- 6 |  7- 9 | 10-12 || total
-------------------------+-------+-------+-------+-------++-------
Melee: War axe           |   143 |   162 |   613 |   653 ||  1571
Invok: Lesser Healing    |       |       |       |     9 ||     9
 Abil: Heal Wounds       |     2 |     7 |    20 |    20 ||    49
  Use: Scroll            |       |       |     1 |     4 ||     5
       Potion            |       |       |       |     1 ||     1
  Eat: Chunk             |     2 |     2 |    13 |     7 ||    24
       Ration            |     1 |       |     2 |     3 ||     6
Armor: Scale mail        |    44 |    67 |    14 |       ||   125
       Chain mail        |       |       |   391 |   204 ||   595
       Plate armour      |       |       |       |   148 ||   148
Dodge: Dodged            |    43 |    47 |   223 |   133 ||   446
Block: Shield            |    72 |    68 |   430 |   427 ||   997

Table legend:
 A = Non-vault XP
 B = Vault XP
 C = Vault XP percentage of total XP
 D = Non-vault monster count
 E = Vault monster count
 F = Vault count percentage of total count
                 A         B        C        D         E       F
            +---------+---------+-------+---------+---------+-------
      Total |    7822 |    5756 |  42.4 |     217 |     109 |  33.4
            +---------+---------+-------+---------+---------+-------
        D:1 |      39 |       6 |  13.3 |      23 |       6 |  20.7
        D:2 |      27 |       0 |   0.0 |      13 |       0 |   0.0
        D:3 |     100 |       4 |   3.8 |      12 |       2 |  14.3
        D:4 |     322 |       0 |   0.0 |      18 |       0 |   0.0
        D:5 |     203 |     579 |  74.0 |      19 |       4 |  17.4
        D:6 |    1115 |      42 |   3.6 |      30 |       1 |   3.2
        D:7 |    1620 |       0 |   0.0 |      30 |       0 |   0.0
        D:8 |    1798 |    1825 |  50.4 |      23 |      48 |  67.6
        D:9 |     653 |     251 |  27.8 |      17 |      12 |  41.4
       D:10 |    1034 |    1277 |  55.3 |      26 |      12 |  31.6
       D:11 |     911 |    1772 |  66.0 |       6 |      24 |  80.0
            +---------+---------+-------+---------+---------+-------
